 Dungeon Crawl Stone Soup version 0.23.0 (webtiles) character file.

Game seed: 5406174102823455413

3263 feta the Spear-Bearer (level 10, -1/74 HPs)
             Began as a Merfolk Gladiator on Feb 12, 2019.
             Was an Elder of Okawaru.
             Slain by a fire bat (9 damage)
             ... on level 8 of the Dungeon.
             The game lasted 00:17:58 (8502 turns).

feta the Spear-Bearer (Merfolk Gladiator)           Turns: 8502, Time: 00:17:59

Health: -1/74      AC:  7    Str: 14    XL:     10   Next: 0%
Magic:  13/13      EV: 18    Int: 10    God:    Okawaru [****..]
Gold:   403        SH:  5    Dex: 17    Spells: 9/9 levels left

rFire    . . .     SeeInvis .   a - +0 trident
rCold    . . .     Gourm    .   n - +0 buckler
rNeg     + . .     Faith    +   b - +0 leather armour
rPois    .         Spirit   .   c - +1 helmet
rElec    .         Reflect  .   g - +0 cloak
rCorr    +         Harm     .   t - +0 pair of gloves
MR       .....                  (no boots)
Stlth    +.........             B - amulet of faith
HPRegen  0.22/turn              v - ring of positive energy
MPRegen  0.13/turn              E - ring of resist corrosion

@: no status effects
A: change form in water, swift swim, stealthy swim
a: Heroism, Renounce Religion


You were on level 8 of the Dungeon.
You worshipped Okawaru.
Okawaru was greatly pleased with you.
You were near starving.

You visited 2 branches of the dungeon, and saw 9 of its levels.

You collected 403 gold pieces.

Inventory:

Hand Weapons
 a - a +0 trident (weapon)
 w - a +0 blowgun
Missiles
 r - 4 poisoned tomahawks (quivered)
 u - 11 poisoned needles
 C - 3 tomahawks of returning
Armour
 b - a +0 leather armour (worn)
 c - a +1 helmet (worn)
 g - a +0 cloak (worn)
 n - a +0 buckler (worn)
 t - a +0 pair of gloves (worn)
Jewellery
 v - a ring of positive energy (left hand)
 y - an uncursed ring of ice
 B - an amulet of faith (around neck)
 E - a ring of resist corrosion (right hand)
Scrolls
 e - 2 scrolls of enchant armour
 h - 4 scrolls of identify
 k - 2 scrolls of amnesia
 l - a scroll of blinking
 m - 3 scrolls of magic mapping
 o - 3 scrolls of fear
 q - 4 scrolls of remove curse
 s - 3 scrolls of enchant weapon {unknown}
 z - 3 scrolls of fog {unknown}
Potions
 i - a potion of curing
 p - 2 potions of magic
 A - a potion of mutation
 D - a potion of berserk rage {unknown}
Comestibles
 f - 8 rations


   Skills:
 + Level 5.2 Fighting
 * Level 13.0 Polearms
 - Level 2.0 Throwing
 + Level 9.8 Dodging
 - Level 4.0 Shields
 + Level 5.1 Invocations


You had 9 spell levels left.
You didn't know any spells.
Your spell library contained the following spells:

 Spells                   Type           Power        Failure   Level  Hunger
 Summon Small Mammal      Summ           #...         43%         1    ##.....
 Call Imp                 Summ           #.......     58%         2    ###....
 Call Canine Familiar     Summ           #.......     82%         3    ####...
 Summon Guardian Golem    Hex/Summ       #.......     82%         3    ####...
 Summon Ice Beast         Ice/Summ       #.......     99%         4    #####..
 Summon Lightning Spire   Summ/Air       #.......     99%         4    #####..


Dungeon Overview and Level Annotations

Branches:
Dungeon (8/15)             Temple (1/1) D:4
   Lair: D:8-11

Altars:
Ashenzari
Cheibriados
Dithmenos
Elyvilon
Fedhas
Gozag
Hepliaklqana
Kikubaaqudgha
Makhleb
Nemelex Xobeh
Okawaru
Qazlal
Ru
Sif Muna
Trog
Uskayaw
Vehumet
Wu Jian
Xom
Yredelemnul
Zin
The Shining One

Shops:
D:7 [

Annotations:
D:8 Prince Ribbit


Message History

The centaur wields a +0 shortbow.
The centaur shoots an arrow.
You block the arrow. You block the fire bat's attack.
The fire bat closely misses you.
You see here an arrow.
The fire bat barely misses you. x2; The fire bat misses you.
The fire bat closely misses you. You block the fire bat's attack.
The fire bat barely misses you.
The fire bat bites you but does no damage.
The fire bat misses you. The fire bat closely misses you.
The fire bat barely misses you. You block the fire bat's attack.
The fire bat barely misses you. The hell hound breathes flames at you.
The blast of flame misses you.
The centaur shoots an arrow.
The arrow completely misses you.
You see here 18 bolts.
Unknown command.
The fire bat closely misses you. The fire bat bites you.
* * * LOW HITPOINT WARNING * * *
You are engulfed in flames!
You die...

.... .... ...... #....##
##..# .......##......
#....### ......#...####
....#.. ....##..## # ..
#....####..###(..## #
...##....#.....#......# #
...#.......c...#.###### #
........b.........#≈..b.§
........@bbh.(....#.≈v≈b.
............##....#.v.≈≈≈
............##....##..h≈≈
..................###..§≈
............#.....#S[#.○≈
....(.......#..#.##.S##..
............######
............#
...........##


You could see a hell hound, 3 fire bats and a centaur.

Vanquished Creatures
  A hippogriff (D:6)
  A fire bat (D:8)
  Duvessa (D:7)
  A water moccasin (D:7)
  3 ice beasts
  2 sky beasts
  A necrophage (D:7)
  5 ogres
  4 bullfrogs
  A gnoll sergeant (D:6)
  Dowan (D:7)
  2 scorpions
  4 killer bees (D:7)
  5 wights (D:6)
  2 howler monkeys
  3 crimson imps
  2 orc priests
  A quasit (D:7)
  5 orc wizards
  A bullfrog skeleton (D:6)
  2 iguanas
  5 worker ants
  A hound zombie (D:5)
  A worker ant zombie (D:5)
  8 adders
  8 gnolls
  An ooze (D:7)
  An adder skeleton (D:4)
  2 adder zombies (D:7)
  3 leopard geckos
  21 orcs
  4 giant cockroaches
  7 hobgoblins
  14 jackals
  6 kobolds
  4 quokkas
  A ball python (D:1)
  7 bats
  4 frilled lizards
  4 goblins
  A jackal skeleton (D:4)
  A quokka zombie (D:5)
  15 rats
167 creatures vanquished.

Notes
Turn   | Place    | Note
-------+----------+-------------------------------------------
     0 | D:1      | feta the Merfolk Gladiator began the quest for the Orb.
     0 | D:1      | Reached XP level 1. HP: 16/16 MP: 1/1
    19 | D:1      | Reached XP level 2. HP: 14/23 MP: 2/2
   205 | D:1      | Reached skill level 5 in Polearms
   500 | D:1      | Reached XP level 3. HP: 28/28 MP: 3/3
  1446 | D:3      | Reached skill level 6 in Polearms
  1446 | D:3      | Reached XP level 4. HP: 8/35 MP: 4/4
  2024 | D:4      | Reached skill level 5 in Dodging
  2024 | D:4      | Reached XP level 5. HP: 36/41 MP: 5/5
  2113 | D:4      | Reached skill level 7 in Polearms
  2410 | D:3      | Reached XP level 6. HP: 47/47 MP: 6/6
  2965 | D:3      | Reached skill level 8 in Polearms
  3305 | D:4      | Found a staircase to the Ecumenical Temple.
  3313 | Temple   | Entered the Ecumenical Temple
  3342 | Temple   | Became a worshipper of Warmaster Okawaru
  4020 | D:4      | Reached skill level 9 in Polearms
  4020 | D:4      | Reached XP level 7. HP: 52/52 MP: 7/7
  4184 | D:5      | Entered Level 5 of the Dungeon
  4212 | D:4      | Reached * piety under Okawaru
  4417 | D:5      | Found a sparkling altar of Nemelex Xobeh.
  4651 | D:5      | Reached skill level 1 in Shields
  4865 | D:5      | Reached skill level 10 in Polearms
  5117 | D:5      | Reached XP level 8. HP: 51/58 MP: 8/8
  5275 | D:6      | Reached skill level 1 in Invocations
  5464 | D:6      | Reached ** piety under Okawaru
  5897 | D:6      | Reached skill level 11 in Polearms
  5944 | D:6      | Reached *** piety under Okawaru
  5954 | D:6      | Reached XP level 9. HP: 50/64 MP: 11/11
  6566 | D:7      | Found Qafopi's Armour Shop.
  6733 | D:7      | Reached skill level 12 in Polearms
  7134 | D:6      | Reached **** piety under Okawaru
  7398 | D:7      | Noticed Duvessa
  7417 | D:7      | Noticed Dowan
  7741 | D:8      | Noticed Prince Ribbit
  7792 | D:7      | Killed Duvessa
  7812 | D:7      | Killed Dowan
  8091 | D:8      | Noticed a two-headed ogre
  8259 | D:7      | Reached skill level 5 in Fighting
  8362 | D:7      | Reached skill level 5 in Invocations
  8475 | D:8      | Reached skill level 13 in Polearms
  8475 | D:8      | Reached XP level 10. HP: 51/74 MP: 13/13
  8502 | D:8      | Slain by a fire bat

Skill      XL: |  1  2  3  4  5  6  7  8  9 |
---------------+----------------------------+-----
Polearms       | 5 6 7 9 10 11 13 | 13.0
Fighting       | 3 5 |  5.2
Dodging        | 5 6 7 8 9 |  9.8
Shields        | 2 4 |  4.0
Invocations    | 3 5 |  5.1
Throwing       | |  2.0

Action                   |  1- 3 |  4- 6 |  7- 9 | 10-12 || total
-------------------------+-------+-------+-------+-------++-------
Melee: Trident           |   123 |   165 |   604 |     9 ||   901
Throw: Throwing net      |       |     5 |     2 |       ||     7
       Tomahawk          |       |     1 |    11 |       ||    12
  Use: Potion            |       |     3 |     4 |       ||     7
       Scroll            |       |       |    10 |       ||    10
 Stab: Sleeping          |     2 |     1 |     2 |       ||     5
       Held in net/web   |       |     1 |     1 |       ||     2
       Distracted        |       |       |     1 |       ||     1
  Eat: Chunk             |     1 |     8 |    14 |       ||    23
Armor: Leather armour    |    31 |    22 |    75 |     2 ||   130
       Skin              |       |       |    35 |       ||    35
Dodge: Dodged            |    63 |    91 |   314 |    38 ||   506
Block: Buckler           |       |       |   100 |     9 ||   109
